 Dungeon Crawl Stone Soup version 0.25-a0-167-g836c352ace (webtiles) character file.

Game seed: 4003491780728560055, levelgen mode: deterministic

3095 ZombieEsc the Basher (level 9, -8/79 HPs)
             Began as a Minotaur Berserker on Nov 25, 2019.
             Was an Elder of Trog.
             Shot with an arrow by a centaur (11 damage)
             ... on level 7 of the Dungeon.
             The game lasted 00:43:19 (7044 turns).

ZombieEsc the Basher (Minotaur Berserker)           Turns: 7044, Time: 00:43:20

Health: -8/79      AC: 11    Str: 26    XL:     9   Next: 59%
Magic:  8/8        EV: 12    Int:  4    God:    Trog [****..]
Gold:   331        SH:  0    Dex:  9    Spells: 8/8 levels left

rFire    . . .     SeeInvis .   a - +0 mace
rCold    . . .     Gourm    .   (no shield)
rNeg     . . .     Faith    .   o - +0 scale mail
rPois    .         Spirit   .   (helmet restricted)
rElec    .         Reflect  .   (no cloak)
rCorr    .         Harm     .   (no gloves)
MR       ++...                  i - +2 pair of boots
Stlth    ..........             (no amulet)
HPRegen  1.23/turn              u - ring of ice
MPRegen  0.11/turn              x - ring of fire

@: flying, regenerating
A: retaliatory headbutt, horns 2
a: Berserk, Trog's Hand, Brothers in Arms, Renounce Religion


You were on level 7 of the Dungeon.
You worshipped Trog.
Trog was greatly pleased with you.
You were very hungry.

You visited 1 branch of the dungeon, and saw 7 of its levels.

You collected 353 gold pieces.
You spent 22 gold pieces at shops.

Inventory:

Hand Weapons
 a - a +0 mace (weapon)
 B - a +1 vampiric spear
Missiles
 h - 5 atropa-tipped darts
 m - 35 bolts
 q - 49 arrows
 s - 54 poisoned darts (quivered)
 E - 5 boomerangs
 L - a throwing net
Armour
 b - a +0 animal skin
 d - a +0 robe
 i - a +2 pair of boots (worn)
 o - a +0 scale mail (worn)
 p - a cursed +0 ring mail
 G - a +3 leather armour of cold resistance
Jewellery
 u - a ring of ice (left hand)
 x - a ring of fire (right hand)
 H - an uncursed ring of wizardry {unknown}
Scrolls
 e - 4 scrolls of teleportation
 g - 8 scrolls of remove curse
 k - a scroll of immolation {unknown}
 n - 5 scrolls of identify
 r - a scroll of enchant weapon {unknown}
 v - a scroll of noise {unknown}
 w - 2 scrolls of enchant armour {unknown}
 y - 2 scrolls of random uselessness {unknown}
 A - 2 scrolls of magic mapping {unknown}
 D - 2 scrolls of fear {unknown}
 K - a scroll of fog {unknown}
Potions
 f - a potion of heal wounds {unknown}
 j - a potion of haste {unknown}
 l - a potion of might
 t - a potion of flight
 z - a potion of curing {unknown}
 C - 2 potions of cancellation {unknown}
 F - a potion of agility {unknown}
 I - a potion of resistance {unknown}
 J - a potion of lignification {unknown}
 M - 2 potions of degeneration {unknown}
 N - a potion of magic {unknown}
 O - a potion of mutation {unknown}
Comestibles
 c - 3 rations


   Skills:
 + Level 7.1 Fighting
 + Level 11.1 Maces & Flails
 + Level 0.2 Throwing
 + Level 8.4 Armour
 + Level 5.7 Dodging
 + Level 2.1 Stealth


You had 8 spell levels left.
You didn't know any spells.
Your spell library contained the following spells:

 Spells                   Type           Power        Failure   Level  Hunger
 Animate Skeleton         Necr           N/A          75%         1    ##.....
 Apportation              Tloc           #.....       75%         1    ##.....
 Confusing Touch          Hex            #.....       75%         1    ##.....
 Summon Small Mammal      Summ           #...         75%         1    ##.....


Dungeon Overview and Level Annotations

Branches:
Dungeon (7/15)             Temple (0/1) D:4

Altars:
Zin

Shops:
D:6 ?


Innate Abilities, Weirdness & Mutations

You reflexively headbutt those who attack you in melee.
You have a pair of horns on your head.


Message History

You see here 2 arrows.
It was a potion of flight.
You feel very buoyant.
You fly up into the air.
The centaur shoots an arrow.
The arrow closely misses you.
The centaur shoots an arrow.
The arrow hits you.
* * * LOW HITPOINT WARNING * * *
The arrow burns you.
* * * LOW HITPOINT WARNING * * *
Your skin crawls.
You feel resistant to hostile enchantments.
You feel somewhat more hungry.
The centaur hits you with a cursed -1 shortbow.
* * * LOW HITPOINT WARNING * * *
The centaur shoots an arrow.
The arrow hits you but does no damage.
You hear a splash.
You hit the centaur. Your headbutt misses the centaur.
The centaur is moderately wounded.
The centaur hits you but does no damage.
The centaur shoots an arrow.
The arrow hits you!
You die...

..# #.# ###### #### #.#
#.###....# #≈≈≈# #.#
.........# #≈≈≈#### #.#
.........#####≈≈≈≈.# #.#
.........##..c≈≈≈≈.# #.#
.........##..≈≈≈≈≈.## #.#
..###....##(_≈≈c≈(((###.#
.>.......##.cc≈≈@≈.((...#
.........##(.≈≈≈≈≈(####.#
.........####≈≈≈#### #.#
......#### #≈≈## #.#
.........##≈≈# #.#
.........######## #.#
................#######.#
.......##...............#
.......##.#############.#


You could see 4 centaurs.

Vanquished Creatures
  Grinder (D:4)
  2 hungry ghosts (D:7)
  2 orc warriors (D:7)
  2 phantoms
  3 black bears
  4 ogres
  A centaur (D:7)
  A bullfrog (D:6)
  2 scorpions (D:4)
  4 wights (D:7)
  A howler monkey (D:5)
  A centaur zombie (D:5)
  2 crimson imps
  4 hounds
  A jelly (D:6)
  Crazy Yiuf (D:5)
  A bullfrog skeleton (D:6)
  3 orc priests
  7 orc wizards
  A centaur skeleton (D:5)
  An iguana (D:7)
  11 worker ants
  A hound skeleton (D:7)
  11 gnolls
  9 adders
  An adder skeleton (D:4)
  A dart slug (D:2)
  2 leopard geckos
  23 orcs
  2 ball pythons (D:3)
  9 giant cockroaches
  11 hobgoblins
  12 jackals
  3 kobolds
  3 quokkas
  5 bats
  6 frilled lizards
  3 goblins
  A quokka skeleton (D:4)
  6 rats
165 creatures vanquished.

Notes
Turn   | Place    | Note
-------+----------+-------------------------------------------
     0 | D:1      | ZombieEsc the Minotaur Berserker began the quest for the
                  | Orb.
     0 | D:1      | Reached XP level 1. HP: 19/19 MP: 0/0
   171 | D:1      | Reached XP level 2. HP: 20/27 MP: 1/1
   441 | D:1      | Reached skill level 4 in Maces & Flails
   860 | D:2      | Reached XP level 3. HP: 33/33 MP: 2/2
  1009 | D:2      | Reached ** piety under Trog
  1551 | D:2      | Reached XP level 4. HP: 36/41 MP: 3/3
  1735 | D:3      | Reached skill level 5 in Maces & Flails
  2463 | D:4      | Reached XP level 5. HP: 34/47 MP: 4/4
  2674 | D:4      | Reached skill level 6 in Maces & Flails
  2677 | D:4      | Reached XP level 6. HP: 53/53 MP: 5/5
  2691 | D:4      | Found a staircase to the Ecumenical Temple.
  2978 | D:4      | Noticed Grinder
  2994 | D:4      | Killed Grinder
  2994 | D:4      | Reached skill level 5 in Fighting
  2994 | D:4      | Reached skill level 7 in Maces & Flails
  2994 | D:4      | Reached skill level 1 in Stealth
  2994 | D:4      | Reached XP level 7. HP: 33/61 MP: 6/6
  3289 | D:4      | Reached *** piety under Trog
  3603 | D:4      | Reached skill level 8 in Maces & Flails
  3839 | D:5      | Entered Level 5 of the Dungeon
  3862 | D:5      | Reached skill level 5 in Armour
  4026 | D:5      | Reached XP level 8. HP: 69/69 MP: 7/7
  4274 | D:5      | Found a runed translucent door.
  4275 | D:5      | Noticed Crazy Yiuf
  4283 | D:5      | Killed Crazy Yiuf
  4308 | D:5      | Reached skill level 9 in Maces & Flails
  4832 | D:6      | Found a runed translucent door.
  4833 | D:6      | Found a runed translucent door.
  4898 | D:6      | Reached skill level 5 in Dodging
  5139 | D:6      | Reached **** piety under Trog
  5369 | D:6      | Found Kuenwesk's Magic Scroll Boutique.
  5375 | D:6      | Bought a scroll of identify for 22 gold pieces
  5387 | D:6      | Reached skill level 10 in Maces & Flails
  5744 | D:7      | Reached XP level 9. HP: 60/75 MP: 8/8
  6705 | D:7      | Reached skill level 11 in Maces & Flails
  7031 | D:7      | Found a glowing silver altar of Zin.
  7043 | D:7      | HP: 2/79 [centaur/cursed -1 shortbow (3)]
  7044 | D:7      | Shot with an arrow by a centaur

Levels and vault maps discovered:
D:1:      elethiomel_arrival_quiet, layout_rooms
D:2:      lemuel_upstairs_altar, layout_basic
D:3:      layout_loops_ring, serial_rivers, chequers_serial_rivers_micro_c,
          chequers_serial_rivers_small_a, chequers_serial_rivers_room_b,
          chequers_serial_rivers_small_3, first_ration,
          kennysheep_decorative_pillar
D:4:      layout_loops_ring, minmay_temple_entry_waves, uniq_grinder
D:5:      layout_cave_pools, hangedman_glass_teeth, grunt_ministairs_3,
          uniq_crazy_yiuf_cottage
D:6:      lemuel_insect_pit, layout_cave_pools, serial_shops, shop
D:7:      layout_basic, lemuel_centaur_altar

Skill      XL: |  1  2  3  4  5  6  7  8  9 |
---------------+----------------------------+-----
Fighting       | 4 5 6 7 |  7.1
Maces & Flails | 4 5 6 7 8 10 11 | 11.1
Armour         | 3 4 5 6 8 |  8.4
Dodging        | 3 4 5 |  5.7
Stealth        | 1 2 |  2.1
Throwing       | |  0.2

Action                   |  1- 3 |  4- 6 |  7- 9 || total
-------------------------+-------+-------+-------++-------
Melee: Mace              |    88 |    81 |   249 ||   418
       Headbutt          |    13 |     7 |    49 ||    69
Throw: Dart              |       |     2 |     7 ||     9
Invok: Berserk           |     2 |     2 |     8 ||    12
       Trog's Hand       |       |       |     2 ||     2
  Use: Scroll            |       |     1 |     1 ||     2
       Potion            |       |       |     2 ||     2
 Stab: Sleeping          |     2 |       |       ||     2
  Eat: Chunk             |     4 |     6 |     7 ||    17
       Ration            |       |       |     6 ||     6
Armor: Animal skin       |    22 |     3 |       ||    25
       Scale mail        |       |    35 |   136 ||   171
Dodge: Dodged            |    49 |    54 |   183 ||   286

Table legend:
 A = Non-vault XP
 B = Vault XP
 C = Vault XP percentage of total XP
 D = Non-vault monster count
 E = Vault monster count
 F = Vault count percentage of total count
                 A         B        C        D         E       F
            +---------+---------+-------+---------+---------+-------
      Total |    3795 |     627 |  14.2 |     150 |      15 |   9.1
            +---------+---------+-------+---------+---------+-------
        D:1 |      23 |       0 |   0.0 |      15 |       0 |   0.0
        D:2 |      77 |       0 |   0.0 |      29 |       0 |   0.0
        D:3 |      93 |       0 |   0.0 |      18 |       0 |   0.0
        D:4 |     635 |     290 |  31.4 |      20 |       1 |   4.8
        D:5 |     721 |      95 |  11.6 |      30 |       2 |   6.2
        D:6 |     568 |     242 |  29.9 |      12 |      12 |  50.0
        D:7 |    1678 |       0 |   0.0 |      26 |       0 |   0.0
            +---------+---------+-------+---------+---------+-------
